[Event "Late-Titled-Tuesday-Blitz-February-13-2024"]
[Site "Chess.com"]
[Date "2024.02.13"]
[Round "10"]
[White "a_kandil"]
[Black "GaiozNigalidze"]
[Result "0-1"]
[WhiteElo "2489"]
[BlackElo "2654"]
[TimeControl "180+1"]
[EndTime "15:55:03 PST"]
[Termination "GaiozNigalidze won by checkmate"]

1. e4 c5 2. Nf3 d6 3. d4 cxd4 4.
Nxd4 Nf6 5. Nc3 a6 6. Bg5 e6 7.
f4 h6 8. Bh4 Qb6 9. Qd2 Qxb2 10.
Rb1 Qa3 11. Be2 Nc6 12. Nxc6 bxc6 13. O-O Be7 14. Kh1 d5 15. Rb3 Qa5 16. e5 Ng8 17. Bf2 c5 18. Rd1 h5 19. Bf3 Qc7 20.
Bxd5 exd5 21. Nxd5 Qd7 22. Qe2 Ra7 23. Nf6+ gxf6 24. Rxd7 Rxd7 25. Rb8 Rd8 26. exf6 Nxf6 27. Bxc5 Nd5 28. h3 Kf8 29. Bxe7+ Nxe7 30. Qe5 Rh6 31. Qc7 Re8 32. Rb6 Rxb6 33. Qxb6 Kg7 34. Qd4+ f6 35. Kh2 h4 36. Qf2 Nf5 37. Qa7+ Re7 38. Qc5 Re8 39. Qc7+ Kg6 40. c4 Ng3 41. f5+ Bxf5 42.
Qf4 Re4 43. Qf2 Re2 44. Qf4 Re4 45. Qb8 Re1 46. Qg8+ Kh6 47. Qh8+ Kg5 48. Qg7+ Bg6 49. Qh6+ Kxh6 50. c5 Rh1# 0-1

[Event "Late-Titled-Tuesday-Blitz-February-13-2024"]
[Site "Chess.com"]
[Date "2024.02.13"]
[Round "10"]
[White "ChEsper99"]
[Black "AndresDelgado77"]
[Result "1-0"]
[WhiteElo "2215"]
[BlackElo "2323"]
[TimeControl "180+1"]
[EndTime "15:55:04 PST"]
[Termination "ChEsper99 won on time"]

1. d4 Nf6 2. Bf4 c5 3. c3 cxd4 4. cxd4 Qb6 5. Qc2 Nc6 6. e3 d5 7.
Nc3 Bf5 8. Qb3 Qxb3 9. axb3 e6 10. Nb5 Bb4+ 11. Ke2 Kd7 12. f3 Rhc8 13. g4 Bg6 14. Kf2 Na5 15. Ra4 Rc2+ 16. Kg3 Be1+ 17. Kh3 Rxb2 18.
b4 Bxb4 19. Ne2 Bc2 20. Ra1 Bd3 21. Nec3 Bxf1+ 22. Rhxf1 Nc6 23. Rfb1 Rxb1 24. Rxb1 a6 25. Na2 axb5 26. Nxb4 Ra4 27. Nd3 Rc4 28. Rxb5 Kc8 29. Nc5 b6 30. Rxb6 1-0

[Event "Late-Titled-Tuesday-Blitz-February-13-2024"]
[Site "Chess.com"]
[Date "2024.02.13"]
[Round "10"]
[White "GoValya"]
[Black "Conejoviejo67"]
[Result "1-0"]
[WhiteElo "2275"]
[BlackElo "2426"]
[TimeControl "180+1"]
[EndTime "15:55:07 PST"]
[Termination "GoValya won by checkmate"]

1. d4 d5 2. g3 f5 3. Bg2 Nf6 4.
Nf3 e6 5. O-O Bd6 6. b3 Qe7 7.
a4 Nbd7 8. Ba3 O-O 9. Bxd6 Qxd6 10. c4 c6 11. Nc3 Ne4 12. Qc2 b6 13. Nd2 Ba6 14.
Ncxe4 fxe4 15. e3 e5 16. Rfd1 exd4 17. exd4 Qf6 18. Nf1 Rac8 19. Ne3 Qe6 20. Qd2 Nf6 21. Rac1 Rfd8 22. h3 Bb7 23. c5 Nd7 24. b4 bxc5 25. bxc5 Rb8 26. Qe2 Nf6 27. Rb1 g6 28. Rb2 Qd7 29.
Rdb1 Qc7 30. a5 Ba8 31. a6 h5 32. g4 h4 33. g5 Nh5 34. Qg4 Nf4 35. Rxb8 Rxb8 36.
Rxb8+ Qxb8 37. Qd7 Ne2+ 38. Kh1 Nxd4 39. Ng4 Qb1+ 40.
Kh2 Qb8+ 41. Kg1 Qb1+ 42. Bf1 Nf3+ 43. Kg2 Ne1+ 44. Kh1 Nd3 45. Nh6+ Kh8 46. Qe8+ Kh7 47. Qg8# 1-0

[Event "Late-Titled-Tuesday-Blitz-February-13-2024"]
[Site "Chess.com"]
[Date "2024.02.13"]
[Round "10"]
[White "SouS007"]
[Black "CarlosjPineror"]
[Result "1-0"]
[WhiteElo "2509"]
[BlackElo "2663"]
[TimeControl "180+1"]
[EndTime "15:55:08 PST"]
[Termination "SouS007 won by resignation"]

1. e4 c5 2. Nf3 e6 3. d4 cxd4 4. Nxd4 a6 5. Bd3 Qc7 6. O-O Nf6 7. Qe2 d6 8. c4 Be7 9. Nc3 Nbd7 10. Be3 b6 11. Rac1 Bb7 12. f3 O-O 13. Rfd1 Rac8 14. Qf2 Qb8 15. Bf1 Bd8 16. b4 Bc7 17. Nb3 Rfd8 18.
Kh1 Qa8 19. Qh4 Nf8 20. Bd4 Ng6 21. Qg5 h6 22. Qd2 d5 23. Bxf6 Bf4 24. Qf2 gxf6 25.
Rc2 dxc4 26. Rxd8+ Rxd8 27. Bxc4 b5 28. Bf1 Qb8 29. Nc5 Bc8 30. g3 Be5 31. f4 Bd4 32. Qf3 Kg7 33. Ne2 Qd6 34. Rd2 e5 35. Nxd4 exd4 36. a3 a5 37. Nb3 axb4 38. Nxd4 Kh7 39. Nb3 Qe7 40. Rxd8 Qxd8 41. axb4 Bb7 42. Qd3 Qe7 43. Nc5 Bc6 44. Kg1 h5 45. Qd1 h4 46.
Qh5+ Kg7 47. gxh4 Nxf4 48. Qg4+ Ng6 49. h5 Qe5 50. hxg6 fxg6 51. Qg3 Qd4+ 52. Qf2 Qxb4 53. Ne6+ Kg8 54. Qxf6 1-0

[Event "Late-Titled-Tuesday-Blitz-February-13-2024"]
[Site "Chess.com"]
[Date "2024.02.13"]
[Round "10"]
[White "zverr1"]
[Black "Quattroporte300"]
[Result "1-0"]
[WhiteElo "2544"]
[BlackElo "2414"]
[TimeControl "180+1"]
[EndTime "15:55:11 PST"]
[Termination "zverr1 won by resignation"]

1. e4 c5 2. Nf3 Nc6 3. d4 cxd4 4.
Nxd4 Nf6 5. Nc3 d6 6. Bg5 e6 7. Be2 a6 8. O-O h6 9. Bh4 Be7 10. Bf3 Ne5 11. Be2 O-O 12. f4 Ng6 13. Bg3 b5 14. Kh1 Bb7 15. f5 exf5 16. exf5 Ne5 17. a3 Rc8 18. Qd2 Qb6 19. Rad1 Rfd8 20. Bf2 Qc7 21. Bg3 Nc4 22. Bxc4 Qxc4 23. Rde1 Qc7 24. Nde2 Qc6 25. Nd4 Qc7 26. Nde2 Qd7 27. Nf4 Re8 28. Nfd5 Nxd5 29. Nxd5 Bg5 30. Qd3 Rc5 31. Nc3 Rxe1 32. Rxe1 Qxf5 33. Qxd6 Qxc2 34. Qb8+ Bc8 35. h4 Qd3 36. hxg5 Qxg3 37. Qxg3 1-0

[Event "Late-Titled-Tuesday-Blitz-February-13-2024"]
[Site "Chess.com"]
[Date "2024.02.13"]
[Round "10"]
[White "Vamostodorecto"]
[Black "verrbaa"]
[Result "0-1"]
[WhiteElo "2377"]
[BlackElo "2511"]
[TimeControl "180+1"]
[EndTime "15:55:11 PST"]
[Termination "verrbaa won on time"]

1. d4 Nf6 2. c4 e6 3. Nc3 Bb4 4. e3 O-O 5. Bd2 d5 6. Nf3 Re8 7. Rc1 b6 8. cxd5 exd5 9. Bd3 Bb7 10. Ne5 Bd6 11. f4 a6 12. O-O c5 13. Be1 Ne4 14.
Nxe4 dxe4 15. Bc4 Rf8 16. Qb3 Qc7 17. f5 b5 18. Bxf7+ Rxf7 19. Nxf7 Qxf7 20. dxc5 Qxb3 21. axb3 Be5 22. Rd1 Nc6 23. Rd7 Bc8 24. Rd5 Ra7 25. Bc3 Re7 26. g4 Kf7 27. Rfd1 g6 28. fxg6+ hxg6 29. h3 Bxc3 30. bxc3 Ne5 31. Kg2 Bb7 32. Rd6 Nf3 33. c6 Bc8 34. Rd8 Be6 35. R1d6 Rc7 36. Ra8 Ke7 37. Rd1 Rxc6 38. Ra7+ Kf6 39. Kg3 Bxb3 0-1

[Event "Late-Titled-Tuesday-Blitz-February-13-2024"]
[Site "Chess.com"]
[Date "2024.02.13"]
[Round "10"]
[White "Jospem"]
[Black "FabianoCaruana"]
[Result "1-0"]
[WhiteElo "3051"]
[BlackElo "3060"]
[TimeControl "180+1"]
[EndTime "15:55:13 PST"]
[Termination "Jospem won by resignation"]

1. e4 e5 2. Nf3 Nc6 3. Nc3 Nf6 4. h3 Bb4 5. a3 Bxc3 6. dxc3 d6 7. Bd3 O-O 8. Bg5 h6 9. Bh4 Be6 10. Qd2 Nb8 11. g4 Nbd7 12. g5 hxg5 13. Bxg5 Qe8 14. O-O-O Nh5 15. Rdg1 f6 16. Be3 Kh7 17. Nh4 Rg8 18.
f4 exf4 19. e5+ f5 20. Bxf4 Nxf4 21. Qxf4 Nxe5 22. Bxf5+ g6 23. Nxg6 Rxg6 24. Qh4+ Kg7 25. Bxg6 Nxg6 26. Qe4 Bf7 27. Qxb7 c5 28. h4 Kh7 29. h5 Ne5 30. Qe4+ Kh8 31. Qf4 Qe6 32.
Rg6 Bxg6 33. hxg6+ Kg8 34. Rh8+ Kg7 35. Qh6+ Kf6 36.
Qf4+ Kxg6 37. Rh6+ 1-0

[Event "Late-Titled-Tuesday-Blitz-February-13-2024"]
[Site "Chess.com"]
[Date "2024.02.13"]
[Round "10"]
[White "Bryanl106"]
[Black "viniciusrego"]
[Result "1-0"]
[WhiteElo "2530"]
[BlackElo "2384"]
[TimeControl "180+1"]
[EndTime "15:55:13 PST"]
[Termination "Bryanl106 won by resignation"]

1. e4 c5 2. Nf3 Nc6 3. d4 cxd4 4. Nxd4 g6 5. Nc3 Bg7 6. Be3 Nf6 7. Bc4 O-O 8. Bb3 a5 9. a3 a4 10. Ba2 Qa5 11.
O-O d6 12. h3 Bd7 13. Qe2 Nxd4 14. Bxd4 Bc6 15. Qe3 Nd7 16. Bxg7 Kxg7 17. Rad1 Qc5 18. Qg3 b5 19. Bd5 Nf6 20. Bxc6 Qxc6 21. f3 b4 22.
axb4 a3 23. b5 Qc5+ 24. Qf2 axb2 25. Qxc5 dxc5 26. Rb1 Ra3 27. Nd1 Rb8 28. Rxb2 c4 29. Rb4 Nd7 30. Nb2 Rc3 31. Rc1 Ne5 32. Na4 Ra3 33.
Kf2 g5 34. Ke2 Kf6 35. Nc5 e6 36. b6 Ke7 37. b7 Kd6 38. Na4 Kc7 39. Rcb1 Ra2 40.
Kd2 h5 41. Kc3 h4 42. Nc5 Ra7 43. Rb6 Ra3+ 44. Kd2 c3+ 45. Ke1 Nc4 46. Na6+ Rxa6 47. Rxa6 Ne3 48. Kf2 Nxc2 49. Rc1 Nd4 50. Rxc3+ Kxb7 51. Ra4 Nc6 52. Rb3+ Kc7 53. Rxb8 Kxb8 54. Rc4 Kc7 55. Ke3 Kd6 56. Rc1 f6 57. f4 gxf4+ 58. Kxf4 Ne5 59. Rd1+ Ke7 60. Ra1 Kf7 61. Ra7+ Kg6 62.
Ra8 Nd3+ 63. Kg4 f5+ 64. exf5+ exf5+ 65. Kxh4 Nf4 66. Ra6+ Kf7 67. Kg5 Nxg2 68. Kxf5 Kg7 69. Kg5 Kf7 70. h4 Ne3 71. h5 Nd5 72. h6 Kg8 73.
Ra8+ Kh7 74. Ra7+ Kh8 75. Kf5 Ne3+ 76. Kg6 1-0

[Event "Late-Titled-Tuesday-Blitz-February-13-2024"]
[Site "Chess.com"]
[Date "2024.02.13"]
[Round "10"]
[White "ArchibaldCerveza29"]
[Black "Defenstrator"]
[Result "0-1"]
[WhiteElo "2484"]
[BlackElo "2383"]
[TimeControl "180+1"]
[EndTime "15:55:13 PST"]
[Termination "Defenstrator won by checkmate"]

1. b3 a5 2. Bb2 a4 3. g3 axb3 4.
axb3 Rxa1 5. Bxa1 Nc6 6. Bg2 e5 7. e3 d5 8. Ne2 h5 9. h3 Nf6 10. d3 Be6 11. Nd2 Bd6 12. O-O Qd7 13. h4 Bh3 14. c4 Rg8 15. Nf3 Bxg2 16. Kxg2 e4 17. Ng5 exd3 18. Qxd3 Ne5 19. Qc2 dxc4 20. bxc4 Qc6+ 21.
e4 Qxc4 22. Qxc4 Nxc4 23. Rc1 b5 24. Nd4 Na3 25. e5 Bxe5 26. Re1 Ng4 27. f3 c5 28. Nc6 Nc2 29. Rd1 Nge3+ 30. Kh3 Nxd1 31. Bxe5 f6 32. Bf4 fxg5 33. hxg5 b4 34. g6 b3 35. Be5 b2 36. Bxb2 Nxb2 37. Kh4 Rh8 38. f4 Nd4 39. Ne5 c4 40. Nf7 Rf8 41. Nd6+ Ke7 42.
Ne4 Nd1 43. Kxh5 c3 44. Nxc3 Nxc3 45. g4 Ne4 46. f5 Rh8# 0-1

[Event "Late-Titled-Tuesday-Blitz-February-13-2024"]
[Site "Chess.com"]
[Date "2024.02.13"]
[Round "10"]
[White "Konavets"]
[Black "Genghis_K"]
[Result "1-0"]
[WhiteElo "3028"]
[BlackElo "2915"]
[TimeControl "180+1"]
[EndTime "15:55:14 PST"]
[Termination "Konavets won on time"]

1. e4 c5 2. Nf3 d6 3. d4 cxd4 4. Nxd4 Nf6 5. Bd3 Nc6 6. Be3 Ng4 7. Nxc6 bxc6 8. Bd2 Ne5 9. Bc3 e6 10. O-O Be7 11. Be2 O-O 12. Nd2 Bf6 13. Nb3 d5 14. f4 Ng6 15. Bxf6 Qxf6 16. e5 Qe7 17. Qd4 f6 18. Bd3 a5 19. Bxg6 hxg6 20. Rfe1 Qb4 21. c3 Qb5 22. exf6 gxf6 23. Re3 Ba6 24. Rxe6 Rae8 25.
Rxe8 Rxe8 26. Qxf6 Qd3 27. h3 Re2 28. Qg5 Qe3+ 29.
Kh2 Bd3 30. Nd4 Rxb2 31. Nxc6 Be4 32. Rg1 Qxc3 33. Qd8+ Kh7 34. Qh4+ Kg8 35. Qd8+ Kh7 36. Ne5 Rxa2 37. Qe7+ Kg8 38. Qf7+ Kh8 39. Qf8+ Kh7 40. Qf7+ Kh8 41. Nxg6+ Bxg6 42. Qxg6 Qe3 43. Qh6+ Kg8 44. Qg5+ Kh8 45. Rb1 Qe8 46. Rb7 1-0

[Event "Late-Titled-Tuesday-Blitz-February-13-2024"]
[Site "Chess.com"]
[Date "2024.02.13"]
[Round "10"]
[White "Jaka_Brilej"]
[Black "KNVB"]
[Result "0-1"]
[WhiteElo "2534"]
[BlackElo "2831"]
[TimeControl "180+1"]
[EndTime "15:55:14 PST"]
[Termination "KNVB won by resignation"]

1. e4 b6 2. d4 Bb7 3. Bd3 e6 4.
Nf3 d5 5. exd5 Qxd5 6. O-O Nf6 7. Nc3 Qh5 8. Ne5 Qxd1 9. Rxd1 Nbd7 10. Bb5 a6 11. Bc6 Bxc6 12. Nxc6 Nb8 13. Nxb8 Rxb8 14. Bf4 Bd6 15. Be5 Bxe5 16. dxe5 Nd7 17. f4 Ke7 18. Kf2 Rbd8 19. Ke3 h5 20. Rd4 Nb8 21. Rad1 Rxd4 22. Rxd4 Nc6 23. Rd2 Rb8 24. Ne2 Nb4 25. Nd4 Ke8 26. a3 Nd5+ 27. Ke4 Ne7 28. h3 h4 29.
f5 c5 30. f6 gxf6 31. exf6 cxd4 32. fxe7 Kxe7 33. Rxd4 Rg8 34. Rd2 Rg3 35. c4 f5+ 36. Kd4 Kd6 37. Re2 a5 38. b4 Rxa3 39. c5+ bxc5+ 40.
bxc5+ Kd7 41. Rb2 Ra4+ 42. Ke5 Re4+ 43. Kf6 Kc6 44. Ra2 a4 45. Rc2 a3 46. Ra2 Ra4 47.
Kxe6 Kxc5 48. Kxf5 Kc4 49. Rf2 a2 50. Rf4+ Kb5 51.
Rf1 a1=Q 52. Rxa1 Rxa1 53. Kg4 Ra4+ 54. Kg5 Kc6 55. Kh5 Kd7 0-1

[Event "Late-Titled-Tuesday-Blitz-February-13-2024"]
[Site "Chess.com"]
[Date "2024.02.13"]
[Round "10"]
[White "gahryman"]
[Black "Kotlyar_K"]
[Result "0-1"]
[WhiteElo "2682"]
[BlackElo "2541"]
[TimeControl "180+1"]
[EndTime "15:55:14 PST"]
[Termination "Kotlyar_K won on time"]

1. e4 c6 2. d4 d5 3. e5 Bf5 4. Nf3 e6 5. c3 Nd7 6. Be2 a6 7.
O-O h6 8. a4 c5 9. Na3 Ne7 10.
dxc5 Nxc5 11. Nd4 Bh7 12. Be3 Rc8 13. Nac2 Nc6 14. Nxc6 Rxc6 15. Nd4 Rc8 16. Bh5 Be7 17. b4 Ne4 18. Nxe6 Qd7 19. Nxg7+ Kf8 20. Bg4 Qc7 21. Bxh6 Kg8 22. Ne6 Qxe5 23. Bg7 Qd6 24. Bxh8 Kxh8 25. Nd4 Bf6 26. Bxc8 Nxc3 27. Qd3 Bxd3 28.
Nf3 Ne2+ 29. Kh1 Bxa1 30. Rxa1 Qxb4 31. Rd1 Qb3 32. Re1 Qc3 33. Bg4 Nd4 34. Rg1 Nxf3 35. Bxf3 Be4 36. Bxe4 dxe4 37. Rb1 Qd2 38. Kg1 e3 39.
fxe3 Qxe3+ 40. Kh1 Qe4 41. Ra1 Qd4 42. Rf1 Qxa4 43. h3 Kg7 44. Rf3 Qb5 0-1

[Event "Late-Titled-Tuesday-Blitz-February-13-2024"]
[Site "Chess.com"]
[Date "2024.02.13"]
[Round "10"]
[White "jcmesafischer"]
[Black "GlavkonVVS"]
[Result "0-1"]
[WhiteElo "2385"]
[BlackElo "2570"]
[TimeControl "180+1"]
[EndTime "15:55:14 PST"]
[Termination "GlavkonVVS won on time"]

1. e4 Nf6 2. e5 Nd5 3. d4 d6 4. Nf3 Bg4 5. h3 Bh5 6. e6 fxe6 7. g4 Bf7 8. c4 Nb6 9. Bg2 Nc6 10. Ng5 Bg8 11.
Be3 Nxc4 12. Bxc6+ bxc6 13. Qa4 Nb6 14. Qxc6+ Qd7 15. Qe4 O-O-O 16. Nc3 h6 17. Nf3 Bh7 18. Qf4 g5 19. Qg3 Bg7 20. Rc1 Rhf8 21. O-O Qc6 22. Nd2 e5 23. d5 Nxd5 24. Qg2 e6 25. Nb3 Nb4 26. Qxc6 Nxc6 27. Nb5 Kd7 28. Rfd1 Rc8 29. Nc5+ Ke7 30. Na6 Be4 31. Naxc7 Rfd8 32. Na6 Nd4 33. Nxd4 exd4 34. Rxc8 Rxc8 35. Bxd4 Bxd4 36. Rxd4 Rc1+ 37. Kh2 Bb7 38. Nb4 e5 39. Rd3 Rh1+ 40. Kg3 Rg1+ 41.
Kh2 Rg2+ 42. Kh1 Rxf2+ 43. Kg1 Rg2+ 44. Kf1 Rxb2 45. a3 a5 46. Nd5+ Ke6 47. Ne3 Ba6 0-1

[Event "Late-Titled-Tuesday-Blitz-February-13-2024"]
[Site "Chess.com"]
[Date "2024.02.13"]
[Round "10"]
[White "azikom"]
[Black "delqate"]
[Result "1-0"]
[WhiteElo "2684"]
[BlackElo "2497"]
[TimeControl "180+1"]
[EndTime "15:55:17 PST"]
[Termination "azikom won on time"]

1. d4 d5 2. Nf3 Nf6 3. Bf4 c5 4. e3 Nc6 5. Nbd2 Bg4 6. c3 e6 7. h3 Bh5 8. Be2 Qb6 9. Qb3 c4 10. Qc2 Bg6 11. Qc1 Be7 12. O-O O-O 13. b3 cxb3 14.
axb3 Rfc8 15. Qb2 a5 16. Rfc1 h6 17. Ne5 Nxe5 18. Bxe5 Ne4 19. Nxe4 Bxe4 20. Bf1 Rc6 21. Qa2 f6 22. Bg3 Rac8 23. c4 Bb4 24. c5 Qd8 25.
Bb5 h5 26. Bxc6 bxc6 27. f3 Bh7 28. Be1 Rb8 29. Bxb4 axb4 30. Qa7 Bd3 31. Ra2 h4 32. Rca1 Kh7 33. Qf7 Qe8 34. Ra7 Qxf7 35. Rxf7 Kh6 36. Re7 e5 37. dxe5 fxe5 38. Rxe5 Rb5 39. Re6+ Kg5 40.
Rxc6 Bc2 41. Rb6 Rxc5 42. Rxb4 Rc3 43. Kf2 Bxb3 44. Rg4+ Kh5 45. Rxg7 Rc2+ 46. Kg1 Bc4 47. Ra8 Rc1+ 48. Kh2 Kh6 49. Rg4 Kh7 50. Ra7+ Kh6 51. Rxh4+ Kg6 52. Rg4+ Kf6 53. Rh7 Rd1 54. Rf4+ Ke6 55.
Rh6+ Ke5 56. Rf8 Re1 57. h4 1-0

[Event "Late-Titled-Tuesday-Blitz-February-13-2024"]
[Site "Chess.com"]
[Date "2024.02.13"]
[Round "10"]
[White "lucliasco"]
[Black "Goryachkina"]
[Result "1-0"]
[WhiteElo "2852"]
[BlackElo "2708"]
[TimeControl "180+1"]
[EndTime "15:55:18 PST"]
[Termination "lucliasco won on time"]

1. e4 c5 2. Nc3 e6 3. d4 cxd4 4. Qxd4 Nc6 5. Qd3 a6 6. Bf4 b5 7. O-O-O Nf6 8. e5 Qc7 9. Qf3 Ng8 10. Qg3 Nge7 11. Bd3 Bb7 12. Nf3 Nb4 13. Kb1 Nxd3 14. cxd3 Nf5 15. Qh3 Qa5 16. g4 Ne7 17. Ne4 Ng6 18.
Bd2 b4 19. Rhe1 Bd5 20. b3 Qb5 21. Nd4 Qb7 22. f4 a5 23. f5 Nxe5 24. Bf4 f6 25. Bxe5 fxe5 26. fxe6 dxe6 27. Qh5+ Kd8 28. Qxe5 a4 29.
Nxe6+ Bxe6 30. Qxe6 axb3 31. axb3 Be7 32. Rc1 Ra6 33.
Qc4 Ra5 34. d4 Re8 35. Nc5 Bxc5 36. Rxe8+ Kxe8 37. dxc5 Qa7 38. Re1+ Kf8 39. Rf1+ Ke8 40. Qg8+ 1-0

[Event "Late-Titled-Tuesday-Blitz-February-13-2024"]
[Site "Chess.com"]
[Date "2024.02.13"]
[Round "10"]
[White "titomagno_64"]
[Black "andrzej"]
[Result "1-0"]
[WhiteElo "2257"]
[BlackElo "2498"]
[TimeControl "180+1"]
[EndTime "15:55:18 PST"]
[Termination "titomagno_64 won on time"]

1. d4 d5 2. c4 e6 3. Nf3 Nf6 4. g3 dxc4 5. Qa4+ Bd7 6. Qxc4 c5 7. dxc5 Qc7 8. Be3 Nd5 9. Bd4 Nc6 10. e3 Rc8 11. Nc3 Nxc3 12. Qxc3 Nxd4 13. exd4 Be7 14.
Bg2 O-O 15. O-O Bc6 16. Qe3 Rfd8 17. Ne5 Bxg2 18. Kxg2 b6 19. b4 Qb7+ 20. Kg1 Qd5 21. Rfd1 Bf6 22. Nf3 Qc4 23. a3 a5 24. Rac1 Qb5 25.
Qd3 Qa4 26. bxa5 Qxa5 27. c6 Qa4 28. Rc4 Qb5 29. Qc2 Rc7 30. Rc1 h6 31. a4 Qh5 32.
Kg2 Qd5 33. Qd3 Rdc8 34. Qc3 g5 35. Kg1 Kg7 36. Ne5 Bxe5 37. dxe5 b5 38. axb5 Qxb5 39.
Rc5 Qe2 40. Qe3 Qa6 41. Qe4 1-0

[Event "Late-Titled-Tuesday-Blitz-February-13-2024"]
[Site "Chess.com"]
[Date "2024.02.13"]
[Round "10"]
[White "Atousa"]
[Black "picturesquecheck"]
[Result "0-1"]
[WhiteElo "2514"]
[BlackElo "2414"]
[TimeControl "180+1"]
[EndTime "15:55:19 PST"]
[Termination "picturesquecheck won on time"]

1. Nf3 d6 2. g3 Nf6 3. Bg2 g6 4. O-O Bg7 5. d3 O-O 6. e4 c5 7.
Nc3 Nc6 8. Re1 Bg4 9. Be3 Rc8 10. h3 Bxf3 11. Bxf3 Nd7 12. Bg2 a6 13. Qd2 b5 14.
Bh6 b4 15. Ne2 Re8 16. Bxg7 Kxg7 17. c3 e6 18. d4 bxc3 19. bxc3 cxd4 20. cxd4 Qa5 21.
Qxa5 Nxa5 22. Rec1 Nb6 23. Nf4 Rc4 24. Rxc4 Naxc4 25. Bf1 a5 26. Rc1 Rc8 27. Bxc4 Rxc4 28. Rxc4 Nxc4 29. Nd3 Nd2 30. e5 d5 31. Kg2 Nb1 32.
a4 Nc3 33. Nc5 Ne2 34. Nb7 Nc3 35. Nxa5 Nxa4 36. Nb3 Nc3 37. f4 h5 38. Kf3 Ne4 39.
g4 g5 40. fxg5 h4 41. Nc1 Nxg5+ 42. Kg2 Kg6 43. Ne2 Ne4 44. Nf4+ Kg5 45. Kf3 Nd2+ 46. Ke3 Nc4+ 47. Kf3 Na3 48. Ng2 Nc2 49. Ke2 Nxd4+ 50.
Kd3 Nc6 51. Ke3 Nxe5 52. Ne1 Nc4+ 53. Kd4 Kf4 54. Ng2+ Kg3 55. Ne3 Nxe3 0-1

[Event "Late-Titled-Tuesday-Blitz-February-13-2024"]
[Site "Chess.com"]
[Date "2024.02.13"]
[Round "10"]
[White "Durarbayli"]
[Black "kids2010"]
[Result "1-0"]
[WhiteElo "2945"]
[BlackElo "2780"]
[TimeControl "180+1"]
[EndTime "15:55:20 PST"]
[Termination "Durarbayli won by resignation"]

1. e4 c6 2. d4 d5 3. exd5 cxd5 4. c4 Nf6 5. Nc3 g6 6. Qb3 Bg7 7. cxd5 O-O 8. Be2 Nbd7 9. Nh3 Nb6 10. Nf4 Bf5 11.
O-O h6 12. Be3 g5 13. Nh5 Nxh5 14. Bxh5 Bd3 15. Rfe1 Bc4 16. Qb4 Bxd5 17. Nxd5 Nxd5 18. Qxb7 Rb8 19. Qxa7 Rxb2 20. a4 Qd6 21. a5 Rc8 22. Bf3 Nxe3 23. fxe3 Rcc2 24. Qa8+ Bf8 25. a6 g4 26. Bxg4 Qg6 27. Bf3 Qf6 28. a7 Qh4 29.
Qxf8+ Kxf8 30. a8=Q+ Kg7 31. Rf1 f5 32. Qd5 Qg5 33. Qe5+ Kh7 34. Qg3 Qxe3+ 35. Kh1 Rf2 36. Rxf2 Rxf2 37. Qe5 Rxf3 38. gxf3 Qxf3+ 39. Kg1 Qg4+ 40. Kf2 Qg5 41. Rg1 Qd2+ 42. Kf1 Qd1+ 43. Kg2 Qd2+ 44. Kh1 1-0

[Event "Late-Titled-Tuesday-Blitz-February-13-2024"]
[Site "Chess.com"]
[Date "2024.02.13"]
[Round "10"]
[White "claudyna16"]
[Black "andjela_djidjika"]
[Result "1-0"]
[WhiteElo "2443"]
[BlackElo "2150"]
[TimeControl "180+1"]
[EndTime "15:55:20 PST"]
[Termination "claudyna16 won on time"]

1. Nf3 d5 2. g3 Bg4 3. Bg2 c6 4. O-O e6 5. b3 Nf6 6. Bb2 Be7 7. d3 O-O 8. Nbd2 Nbd7 9. h3 Bh5 10. e4 a5 11. a4 h6 12. Qe2 Qb6 13. g4 Bg6 14. e5 Ne8 15. Kh1 Nc7 16. Nh2 Na6 17.
f4 f6 18. exf6 Bxf6 19. Qxe6+ Rf7 20. Bxf6 Nxf6 21. g5 Re8 22. Qd6 hxg5 23. fxg5 Nh5 24. Ng4 Bf5 25. g6 Rff8 26. Rae1 Rxe1 27. Rxe1 Bxg4 28.
hxg4 Qf2 29. Qe6+ Kh8 30. gxh5 Qxd2 31. Rf1 Rg8 32. Qf7 Qg5 33. Qf3 Nb4 34. Bh3 Nxc2 35.
Rg1 Qh4 36. Kg2 Nd4 37. Qf2 Qg5+ 38. Kh1 Qxh5 39. Rg2 Nf3 40. Qg3 Re8 41. Re2 Rf8 42.
Rf2 1-0

[Event "Late-Titled-Tuesday-Blitz-February-13-2024"]
[Site "Chess.com"]
[Date "2024.02.13"]
[Round "10"]
[White "snowlord"]
[Black "bazar-wokzal"]
[Result "0-1"]
[WhiteElo "2831"]
[BlackElo "2682"]
[TimeControl "180+1"]
[EndTime "15:55:21 PST"]
[Termination "bazar-wokzal won by resignation"]

1. Nc3 d5 2. e4 d4 3. Nce2 e5 4. Ng3 Be6 5. Bb5+ c6 6. Ba4 Nd7 7. Bb3 Nc5 8. Bxe6 Nxe6 9. d3 Bb4+ 10. Kf1 Ne7 11. Nf3 f6 12. Nh4 g6 13. Nf3 Qd7 14.
a3 Bd6 15. Rb1 a5 16. c3 c5 17. a4 b5 18. Ra1 dxc3 19. bxc3 b4 20. Qc2 O-O 21.
Nd2 Bc7 22. Nc4 Rad8 23. Ke2 f5 24. f3 Nc6 25. Rd1 Ned4+ 26. cxd4 Nxd4+ 27. Kd2 Nxc2 28. Kxc2 f4 29. Ne2 g5 30. Bb2 Rfe8 31. h3 h5 32.
Nc1 g4 33. hxg4 hxg4 34. Nb3 Re7 35. Rd2 Rde8 36. Nbxa5 gxf3 37. gxf3 Bxa5 38. Nxa5 Ra8 39. Nc4 Rxa4 40. Rg2+ Rg7 41. Rxg7+ Kxg7 42. Nxe5 Qb5 43. Rg1+ Kf8 44. Nc4 b3+ 45. Kb1 Rxc4 46. dxc4 Qxc4 0-1

[Event "Late-Titled-Tuesday-Blitz-February-13-2024"]
[Site "Chess.com"]
[Date "2024.02.13"]
[Round "10"]
[White "Bigfish1995"]
[Black "ChristopherYoo"]
[Result "1-0"]
[WhiteElo "3169"]
[BlackElo "2967"]
[TimeControl "180+1"]
[EndTime "15:55:22 PST"]
[Termination "Bigfish1995 won on time"]

1. e4 c5 2. Nf3 d6 3. Bb5+ Bd7 4. c4 Nf6 5. Nc3 g6 6. O-O Bg7 7. h3 O-O 8. d3 Nc6 9. Ba4 a6 10. a3 Rb8 11. Rb1 Nd4 12. Nxd4 cxd4 13. Ne2 Bxa4 14.
Qxa4 Nd7 15. b4 b5 16. cxb5 axb5 17. Qb3 Nb6 18. f4 e5 19. Bd2 Rc8 20. Rf2 d5 21. Ng3 Rc6 22. f5 h5 23. fxg6 fxg6 24. Rxf8+ Bxf8 25. Rf1 h4 26. Nh1 Bg7 27. Nf2 Kh7 28. Qd1 Qd7 29. Bg5 Bf6 30. Qd2 Qe7 31. Bxf6 Rxf6 32. Rc1 Rf4 33. Rc5 Na4 34. Rxd5 Nc3 35. Rc5 Qg5 36.
Qe1 Qg3 37. Rc7+ Kh6 38. Qd2 Qg5 39. Qe1 Qg3 40. Qd2 Qg5 41. Kh1 Rf6 42. Ng4+ Kh5 43. Rh7+ 1-0

[Event "Late-Titled-Tuesday-Blitz-February-13-2024"]
[Site "Chess.com"]
[Date "2024.02.13"]
[Round "10"]
[White "Zhigalko_Sergei"]
[Black "GMRAVEN_ON_YOUTUBE"]
[Result "1-0"]
[WhiteElo "2935"]
[BlackElo "2772"]
[TimeControl "180+1"]
[EndTime "15:55:23 PST"]
[Termination "Zhigalko_Sergei won on time"]

1. e4 c5 2. Nf3 e6 3. c3 Nf6 4.
e5 Nd5 5. Bc4 d6 6. d4 cxd4 7.
cxd4 dxe5 8. dxe5 Nc6 9. O-O Be7 10. Qe2 O-O 11. Rd1 Qa5 12. a3 Rd8 13. Qe4 Bd7 14. h4 Be8 15. Nbd2 Nb6 16. Bd3 g6 17. Nf1 Qd5 18. Qe2 Nd4 19. Nxd4 Qxd4 20. h5 Ba4 21. Bc2 Qxd1 22. Bxd1 Rxd1 23. Kh2 Rc8 24. b3 Bxb3 25.
Bb2 Rd7 26. Ne3 Rcd8 27. Bc3 Nd5 28. Nxd5 Rxd5 29. Bb4 Bg5 30. Qg4 Rxe5 31. Qg3 Rf5 32. Qxb3 a5 33. Bc3 Rd3 34. Rd1 Rxd1 35. Qxd1 Bf4+ 36.
g3 Rd5 37. Qb3 Bg5 38. hxg6 hxg6 39. Qxb7 1-0

[Event "Late-Titled-Tuesday-Blitz-February-13-2024"]
[Site "Chess.com"]
[Date "2024.02.13"]
[Round "10"]
[White "WilsonPalencia21"]
[Black "VladimirBugayev"]
[Result "1-0"]
[WhiteElo "2537"]
[BlackElo "2399"]
[TimeControl "180+1"]
[EndTime "15:55:24 PST"]
[Termination "WilsonPalencia21 won on time"]

1. d4 Nf6 2. c4 c5 3. d5 b5 4. cxb5 a6 5. bxa6 Bxa6 6. Nc3 g6 7. e4 Bxf1 8. Kxf1 d6 9. g3 Bg7 10.
Kg2 O-O 11. Nf3 Qb6 12. a4 Na6 13. Nd2 Nc7 14. Ra3 Nd7 15. Qc2 e6 16. Rd1 exd5 17. exd5 Qa6 18. Nf3 Qc4 19. Qe4 Qa6 20. Bf4 Rfe8 21.
Qc2 Ne5 22. Bxe5 dxe5 23. d6 Ne6 24. Nb5 e4 25. Qxe4 Nd4 26. Qd3 Qc6 27. Nc7 Rxa4 28. Rxa4 Qxa4 29. Nxe8 Qxe8 30. Nxd4 Bxd4 31. Qf3 Qe6 32. b4 Qxd6 33. Qe4 Qf6 34. Qf3 Qb6 35. bxc5 Qxc5 36. Qf4 Be5 37. Qe4 Bf6 38. Qa8+ Kg7 39.
Qe4 Qc7 40. h4 h5 41. Rd3 Qb6 42. Rd7 Qb5 43. Qd5 Qxd5+ 44. Rxd5 Be7 45. Kf3 Bf6 46. Ke4 Bc3 47. Rd7 Be1 48. Kf3 Bc3 49. Rc7 Ba5 50. Rb7 Bc3 51. Ke4 Be1 52. Ke3 Bc3 53. Ke2 Bd4 54. f3 Be5 55. Kf2 Bd6 56. g4 hxg4 57. fxg4 Be5 58. Kf3 Kg8 59. Re7 1-0